 Dungeon Crawl Stone Soup version 0.29-a0-284-gf9362112df (webtiles) character file.

Game seed: 1549245990941927893

771 enile the Carver (level 7, -20/53 HPs)
             Began as a Gnoll Wanderer on Mar 22, 2022.
             Was a Believer of Uskayaw.
             Demolished by a two-headed ogre
             ... wielding a +0 giant club
              (24 damage)
             ... on level 5 of the Dungeon.
             The game lasted 00:06:37 (7311 turns).

enile the Carver (Gnoll Wanderer)                   Turns: 7311, Time: 00:06:38

Health: -20/53     AC:  4    Str: 25    XL:     7   Next: 83%
Magic:  11/11      EV: 12    Int: 10    God:    Uskayaw [**....]
Gold:   299        SH:  0    Dex: 11    Spells: 11/11 levels left

rFire   . . .      SeeInvis +   e - +8 dagger of Broken Luck {vorpal, *Corrode Str+4 SInv}
rCold   . . .      Faith    .   (no shield)
rNeg    . . .      Spirit   .   f - +1 leather armour
rPois   .          Reflect  .   (no helmet)
rElec   .          Harm     .   (no cloak)
rCorr   .          Rampage  .   (no gloves)
Will    .....                   (no boots)
Stlth   ++........              (no amulet)
HPRegen 0.17/turn               t - +6 ring of strength
MPRegen 0.12/turn               (no ring)

@: weak-willed
A: fangs 1, strong nose, distributed training
a: Renounce Religion, Stomp, Line Pass


You were on level 5 of the Dungeon.
You worshipped Uskayaw.
Uskayaw was noncommittal.
You visited 1 branch of the dungeon, and saw 5 of its levels.

You collected 299 gold pieces.

Inventory:

Hand Weapons
 a - a +3 falchion
 d - a +0 dagger
 e - the +8 dagger of Broken Luck (weapon) {vorpal, *Corrode Str+4 SInv}
   (You found it on level 5 of the Dungeon)

   It inflicts extra damage upon your enemies.
   Str:       It affects your strength (+4).
   SInv:      It lets you see invisible.
   *Corrode:  It may corrode you when you take damage.
Missiles
 c - 12 poisoned darts (quivered)
Armour
 f - a +1 leather armour (worn)
Jewellery
 t - a +6 ring of strength (left hand)
Scrolls
 b - 2 scrolls of fog
 g - a scroll of blinking
 i - a scroll of vulnerability
 j - 7 scrolls of identify {unknown}
 l - 2 scrolls of silence {unknown}
 n - a scroll of teleportation {unknown}
 s - a scroll of amnesia {unknown}
Potions
 k - 4 potions of cancellation {unknown}
 m - 2 potions of curing {unknown}
 o - 2 potions of flight {unknown}
 p - a potion of might {unknown}
 q - a potion of attraction {unknown}
 r - 2 potions of heal wounds {unknown}
 u - a potion of ambrosia {unknown}


   Skills:
 + Level 3.8 Fighting
 + Level 2.7 Short Blades
 + Level 9.0 Long Blades
 + Level 2.7 Axes
 + Level 2.7 Maces & Flails
 + Level 2.7 Polearms
 + Level 2.7 Staves
 + Level 2.7 Slings
 + Level 2.7 Bows
 + Level 2.7 Crossbows
 + Level 7.1 Throwing
 + Level 2.7 Armour
 + Level 2.7 Dodging
 + Level 2.7 Stealth
 + Level 2.7 Shields
 + Level 3.8 Unarmed Combat
 + Level 2.7 Spellcasting
 + Level 2.2 Conjurations
 + Level 2.2 Hexes
 + Level 2.2 Summonings
 + Level 2.2 Necromancy
 + Level 2.2 Translocations
 + Level 2.2 Transmutations
 + Level 2.2 Fire Magic
 + Level 2.2 Ice Magic
 + Level 2.2 Air Magic
 + Level 2.2 Earth Magic
 + Level 2.2 Poison Magic
 + Level 4.0 Invocations
 + Level 2.7 Evocations


You had 11 spell levels left.
You didn't know any spells.
Your spell library contained the following spells:

 Spells                   Type           Power      Damage    Failure   Level
 Shock                    Conj/Air       20%        1d4       13%         1
 Slow                     Hex            20%        N/A       13%         1
 Confusing Touch          Hex            5%         N/A       36%         3
 Swiftness                Air            5%         N/A       36%         3
 Vampiric Draining        Necr           5%         2d6       36%         3
 Airstrike                Air            2%         N/A       77%         4


Dungeon Overview and Level Annotations

Branches:
Dungeon (5/15)
 Temple: D:4-7

Altars:
Ashenzari
Makhleb
Ru
Uskayaw


Innate Abilities, Weirdness & Mutations

You have very sharp teeth.
Your uncanny sense of smell can sniff out nearby items.
Your experience applies equally to all skills.


Message History

The scroll dissolves into smoke.
The centaur shoots an arrow.
The arrow hits you! The arrow freezes you.
The centaur unwields a +2 shortbow of freezing.
The centaur wields a +0 rapier.
The centaur barely misses you.
The centaur kicks you but does no damage.
You can no longer pass through a line of other dancers.
You barely miss the centaur. You bite the centaur, but do no damage.
The centaur closely misses you. The centaur barely misses you.
The centaur hits you with a +0 rapier!
* * * LOW HITPOINT WARNING * * *
The centaur closely misses you.
You puncture the centaur!
The centaur is heavily wounded.
The centaur hits you with a +0 rapier.
* * * LOW HITPOINT WARNING * * *
The centaur kicks you but does no damage.
You can now pass through a line of other dancers.
Okay, then.
Aiming: Line Pass
Press: ? - help, Dir - move target, f - two-headed ogre
Aim: a two-headed ogre, wielding a +0 giant club and a +0 giant spiked club (black smoke)
You can't stand on top of the monster!
Aiming: Line Pass
Press: ? - help, Dir - move target, f - you, p - two-headed ogre
Okay, then.
Okay, then.
Blink to where?
Press: ? - help, Dir - move target, p - two-headed ogre
As you read the scroll of blinking, it crumbles to dust.
As you read the scroll labelled HIR OLAMEFOVOA, it crumbles to dust.
It is a scroll of enchant armour.
Your +0 leather armour glows green for a moment.
As you read the scroll labelled LUUFOYX YNEET, it crumbles to dust.
Magic quickly surges around you.
It was a scroll of vulnerability.
The two-headed ogre attacks as you move away!
The two-headed ogre hits you with a +0 giant club!
* * * LOW HITPOINT WARNING * * *
The two-headed ogre hits you with a +0 giant spiked club!!
You die...

### ..# #.# #.#
#.########
#.........
..##################
..#...........§....#
#.#.......)....§@§§#
#.#..#####..#####O§#
#.#......#..#.§c§§§#
#.# .....#..#§§O§§§#
#.#####..#..#§§#####
#.#......#..#.....
#.#......#).#.....
#.#..#####..#####.
#.#......#..#O....


You could see a two-headed ogre.

Vanquished Creatures
  An ogre (D:4)
  A phantom (D:4)
  A scorpion (D:5)
  2 howler monkeys (D:5)
  3 hounds
  A gnoll shaman (D:4)
  3 iguanas (D:5)
  An orc wizard (D:4)
  Robin (D:2)
  4 gnolls (D:3)
  9 adders
  An ufetubus (D:5)
  4 worms
  2 dart slugs (D:1)
  5 orcs
  8 ball pythons
  7 endoplasms
  8 giant cockroaches
  16 goblins
  9 hobgoblins
  6 kobolds
  5 quokkas
  2 bats
  5 frilled lizards
  7 rats
112 creatures vanquished.

Notes
Turn   | Place    | Note
-------+----------+-------------------------------------------
     0 | D:1      | enile the Gnoll Wanderer began the quest for the Orb.
     0 | D:1      | enile set off with the following items: a +2 falchion, a
                  | scroll of fog, 14 poisoned darts, a +0 dagger, a potion of
                  | haste, a +0 leather armour
     0 | D:1      | Reached XP level 1. HP: 17/17 MP: 2/2
    76 | D:1      | Reached XP level 2. HP: 23/23 MP: 3/3
   215 | D:1      | HP: 1/34 [frozen (5)]
   753 | D:1      | Reached XP level 3. HP: 26/28 MP: 4/4
  1392 | D:2      | Found a hide-covered altar of Uskayaw.
  1428 | D:2      | Reached skill level 1 in Short Blades
  1428 | D:2      | Reached skill level 1 in Axes
  1428 | D:2      | Reached skill level 1 in Maces & Flails
  1428 | D:2      | Reached skill level 1 in Polearms
  1428 | D:2      | Reached skill level 1 in Staves
  1428 | D:2      | Reached skill level 1 in Slings
  1428 | D:2      | Reached skill level 1 in Bows
  1428 | D:2      | Reached skill level 1 in Crossbows
  1428 | D:2      | Reached skill level 1 in Armour
  1428 | D:2      | Reached skill level 1 in Dodging
  1428 | D:2      | Reached skill level 1 in Stealth
  1428 | D:2      | Reached skill level 1 in Shields
  1428 | D:2      | Reached skill level 1 in Spellcasting
  1428 | D:2      | Reached skill level 1 in Evocations
  1582 | D:2      | Became a worshipper of Uskayaw the Reveller
  1658 | D:2      | Reached * piety under Uskayaw
  1663 | D:2      | Reached XP level 4. HP: 16/34 MP: 6/6
  1922 | D:2      | Noticed Robin
  1930 | D:2      | Reached ** piety under Uskayaw
  1953 | D:2      | Reached *** piety under Uskayaw
  1954 | D:2      | Killed Robin
  2228 | D:2      | Reached skill level 1 in Conjurations
  2228 | D:2      | Reached skill level 1 in Hexes
  2228 | D:2      | Reached skill level 1 in Summonings
  2228 | D:2      | Reached skill level 1 in Necromancy
  2228 | D:2      | Reached skill level 1 in Translocations
  2228 | D:2      | Reached skill level 1 in Transmutations
  2228 | D:2      | Reached skill level 1 in Fire Magic
  2228 | D:2      | Reached skill level 1 in Ice Magic
  2228 | D:2      | Reached skill level 1 in Air Magic
  2228 | D:2      | Reached skill level 1 in Earth Magic
  2228 | D:2      | Reached skill level 1 in Poison Magic
  2751 | D:3      | Found a faded altar of an unknown god.
  2765 | D:3      | Reached XP level 5. HP: 35/40 MP: 7/7
  3912 | D:4      | Noticed an ogre
  4266 | D:4      | Killed an ogre
  4267 | D:4      | Reached XP level 6. HP: 16/47 MP: 8/8
  5421 | D:4      | Found a burning altar of Makhleb.
  5748 | D:4      | Found a broken altar of Ashenzari.
  5887 | D:4      | Reached XP level 7. HP: 42/52 MP: 10/10
  6053 | D:5      | Entered Level 5 of the Dungeon
  6059 | D:5      | Identified the +8 dagger of Broken Luck {vorpal, *Corrode
                  | Str+4 SInv}
  6087 | D:5      | Found a sacrificial altar of Ru.
  7210 | D:5      | Noticed a two-headed ogre
  7230 | D:5      | Reached skill level 9 in Long Blades
  7245 | D:5      | Reached **** piety under Uskayaw
  7311 | D:5      | Demolished by a two-headed ogre

Illustrated notes

Levels and vault maps discovered:
D:1:      sevenhm_arrival_forest_fort_large_4, layout_rooms, st_stairs_7
D:2:      layout_loops_corners, basic_altar, serial_bayou_pond_d, uniq_robin
D:3:      layout_basic, ebering_ecumenical_altar_webs
D:4:      nicolae_cairo_tiling_very_big, layout_cave_pods,
          nicolae_ashenzari_skybound, mainiacjoe_overflow_brackets
D:5:      kennysheep_windowed_halls, layout_basic, dreamdust_wishing_well,
          kennysheep_small_circle

Skill      XL: |  1  2  3  4  5  6  7 |
---------------+----------------------+-----
Short Blades   | 1 2 |  2.7
Axes           | 1 2 |  2.7
Maces & Flails | 1 2 |  2.7
Polearms       | 1 2 |  2.7
Staves         | 1 2 |  2.7
Slings         | 1 2 |  2.7
Bows           | 1 2 |  2.7
Crossbows      | 1 2 |  2.7
Armour         | 1 2 |  2.7
Dodging        | 1 2 |  2.7
Stealth        | 1 2 |  2.7
Shields        | 1 2 |  2.7
Spellcasting   | 1 2 |  2.7
Evocations     | 1 2 |  2.7
Conjurations   | 1 2 |  2.2
Hexes          | 1 2 |  2.2
Summonings     | 1 2 |  2.2
Necromancy     | 1 2 |  2.2
Translocations | 1 2 |  2.2
Transmutations | 1 2 |  2.2
Fire Magic     | 1 2 |  2.2
Ice Magic      | 1 2 |  2.2
Air Magic      | 1 2 |  2.2
Earth Magic    | 1 2 |  2.2
Poison Magic   | 1 2 |  2.2
Invocations    | 3 4 |  4.0
Fighting       | 3 |  3.8
Unarmed Combat | 3 |  3.8
Throwing       | 7 |  7.1
Long Blades    | 9 |  9.0

Action                   |  1- 3 |  4- 6 |  7- 9 || total
-------------------------+-------+-------+-------++-------
Melee: Falchion          |   102 |   182 |    13 ||   297
       Bite              |     5 |    24 |     6 ||    35
       Punch             |     1 |     3 |       ||     4
       Dagger            |       |       |    43 ||    43
Throw: Dart              |       |    24 |    13 ||    37
Invok: Stomp             |       |     1 |     2 ||     3
  Use: Potion            |     1 |     1 |       ||     2
       Scroll            |     1 |       |     6 ||     7
 Stab: Paralysed         |       |     1 |       ||     1
       Sleeping          |       |     2 |       ||     2
Armor: Skin              |    22 |       |       ||    22
       Leather armour    |    16 |    38 |     9 ||    63
Dodge: Dodged            |    46 |    77 |    37 ||   160

Table legend: (Time is in decaauts)
 A = Elapsed time spent in this place.
 B = Non-inter-level travel time spent in this place.
 C = Inter-level travel time spent in this place.
 D = Time resting spent in this place.
 E = Time spent auto-exploring this place.
 F = Levels seen in this place.
 G = Mean time per level.
                   A        B        C        D        E       F      G
               +--------+--------+--------+--------+--------+-----+--------+
         Total |   7240 |   6992 |    248 |    499 |   5696 |   5 | 1448.0 |
       Dungeon |   7240 |   6992 |    248 |    499 |   5696 |   5 | 1448.0 |
               +--------+--------+--------+--------+--------+-----+--------+

Top non-repeatable levels by time:
     D:4: 2296 daAuts
     D:3: 1687 daAuts
     D:2: 1402 daAuts
     D:1: 1200 daAuts
     D:5: 653 daAuts
